 Dungeon Crawl Stone Soup version 0.28-a0-984-g3775c662fe (webtiles) character file.

Game seed: 9147855995107709507

1361 ders the Digger (level 8, 0/41 HPs)
             Began as a Gargoyle Earth Elementalist on Dec 4, 2021.
             Was an Initiate of Vehumet.
             Slain by an orc (2 damage)
             ... on level 5 of the Dungeon.
             The game lasted 00:05:19 (7252 turns).

ders the Digger (Gargoyle Earth Elementalist)       Turns: 7252, Time: 00:05:20

Health: 0/41       AC:  7    Str: 12    XL:     8   Next: 64%
Magic:  3/16       EV: 12    Int: 18    God:    Vehumet [......]
Gold:   286        SH:  0    Dex: 10    Spells: 14/18 levels left

rFire   + . .      SeeInvis .   e - +0 dagger
rCold   . . .      Faith    .   (no shield)
rNeg    + . .      Spirit   .   b - +0 robe
rPois   ∞          Reflect  .   (no helmet)
rElec   +          Harm     .   (no cloak)
rCorr   .          Rampage  .   (no gloves)
Will    .....                   (no boots)
Stlth   ++........              (no amulet)
HPRegen 0.13/turn               a - ring of protection from fire
MPRegen 0.15/turn               x - +4 ring of slaying

@: no status effects
A: sickness immunity, AC +5, negative energy resistance 1, electricity
resistance, torment resistance 1, petrification resistance
a: Renounce Religion


You were on level 5 of the Dungeon.
You worshipped Vehumet.
Vehumet was noncommittal.
You visited 2 branches of the dungeon, and saw 7 of its levels.

You collected 286 gold pieces.

Inventory:

Hand Weapons
 e - a +0 dagger (weapon)
Missiles
 c - 107 stones
Armour
 b - a +0 robe (worn)
Jewellery
 a - a ring of protection from fire (left hand)
 x - a +4 ring of slaying (right hand)
Wands
 p - a wand of flame (21)
 r - a wand of paralysis (5)
 v - a wand of mindburst (12)
Scrolls
 i - a scroll of vulnerability {unknown}
 j - a scroll of noise {unknown}
 l - a scroll of magic mapping {unknown}
 n - a scroll of identify {unknown}
 o - 2 scrolls of fear {unknown}
 s - a scroll of fog {unknown}
 u - 3 scrolls of teleportation {unknown}
 w - a scroll of summoning {unknown}
Potions
 d - a potion of attraction {unknown}
 f - 4 potions of curing {unknown}
 g - a potion of ambrosia {unknown}
 h - 2 potions of lignification {unknown}
 k - 3 potions of heal wounds {unknown}
 m - 2 potions of might {unknown}
 q - a potion of flight {unknown}
 t - a potion of magic {unknown}


   Skills:
 - Level 1.8 Dodging
 - Level 2.6 Stealth
 + Level 5.6 Spellcasting
 + Level 6.1 Conjurations
 - Level 1.1 Transmutations
 + Level 7.9 Earth Magic


You had 14 spell levels left.
You knew the following spells:

 Your Spells              Type           Power      Damage    Failure   Level
a - Sandblast             Erth           66%        2d15      1%          1
b - Stone Arrow           Conj/Erth      60%        3d10      1%          3

Your spell library contained the following spells:

 Spells                   Type           Power      Damage    Failure   Level
 Passwall                 Tmut/Erth      17%        N/A       3%          2
 Static Discharge         Conj/Air       16%        N/A       5%          2
 Apportation              Tloc           10%        N/A       12%         1
 Petrify                  Tmut/Erth      21%        N/A       19%         4
 Lesser Beckoning         Tloc           5%         N/A       36%         3
 Lightning Bolt           Conj/Air       8%         1d20      69%         5
 Malign Gateway           Summ/Tloc      2%         N/A       100%        7
 Maxwell's Capacitive Co  Air            2%         ∞         100%        8
 Summon Horrible Things   Summ           2%         N/A       100%        8


Dungeon Overview and Level Annotations

Branches:
Dungeon (6/15)             Temple (1/1) D:5

Altars:
Ashenzari
Dithmenos
Elyvilon
Fedhas
Gozag
Hepliaklqana
Kikubaaqudgha
Makhleb
Nemelex Xobeh
Okawaru
Qazlal
Ru
Sif Muna
Uskayaw
Vehumet
Wu Jian
Xom
Yredelemnul
Zin
The Shining One

Annotations:
D:3 Edmund


Innate Abilities, Weirdness & Mutations

You are immune to sickness and miasma.
Your stone body is resilient. (AC +5)
You are immune to poison.
You resist negative energy. (rN+)
You are resistant to electric shocks. (rElec)
You are resistant to unholy torment.
You are immune to petrification.


Message History

You hit something.
The orc warrior hits you from afar with a +0 halberd!!
You hit something. The orc warrior closely misses you.
The orc closely misses you. Something hits you. Something hits you.
You bump into the rock wall.
The orc hits you but does no damage.
The orc hits you from afar with a +0 trident.
* * * LOW HITPOINT WARNING * * *
An orc wizard comes into view. It is wielding a +0 dagger.
Something hits you but does no damage.
You feel less confused. The orc hits you with a +0 flail.
* * * LOW HITPOINT WARNING * * *
The orc barely misses you. The orc hits you but does no damage.
The orc barely misses you.
There is a stone staircase leading up here.
The orc misses you. The orc closely misses you.
The orc warrior hits you from afar with a +0 halberd.
* * * LOW HITPOINT WARNING * * *
You climb upwards.
Reactivating autopickup.
There is a stone staircase leading down here.
Casting: Sandblast (safe; 1% risk of failure)
Confirm with . or Enter, or press ? or * to list all spells.
Aiming: Sandblast (safe; 1% risk of failure)
Press: ? - help, Shift-Dir - straight line, f - orc
Aim: an orc, wielding a +0 hand axe and wearing a +0 ring mail (84% to hit)
The blast of sand hits the orc.
The orc is moderately wounded.
The orc hits you but does no damage. The orc closely misses you.
Unknown command.
Casting: Sandblast (safe; 1% risk of failure)
Confirm with . or Enter, or press ? or * to list all spells.
Aiming: Stone Arrow (safe; 1% risk of failure)
Press: ? - help, Shift-Dir - straight line, f/p - orc
Aim: an orc, wielding a +0 hand axe and wearing a +0 ring mail (moderately wounded, 77% to hit)
The stone arrow hits the orc.
The orc is almost dead.
The orc hits you with a +0 hand axe.
You die...

..........# ##.#.# ##...#..⌠..
..........# #.#.######...##.....
..........# #.#.........##..#.#.
..........# #..........##..##.##
..........# ##............##...#
###############..........⌠....>..
########......#..######....##..)#
.......'....).#.o# #.##..##)##
########......##@# #..##..#.#.
#......##o# #...##.....
#......##.# #....#..⌠..
########.#######.# #..........
.........#...#...## #.......#.#
#######..#........# #..(.....).
#....#...#.##.# #.......)##
#######..##....##.######.......#
......#.....#####......####.##.##


You could see 2 orcs.

Vanquished Creatures
  Prince Ribbit (D:5)
  An acid dragon (D:5)
  A sky beast (D:6)
  An orc warrior (D:5)
  A phantom (D:5)
  2 centaurs (D:5)
  A kobold brigand (D:4)
  A wyvern zombie (D:5)
  A bullfrog skeleton (D:3)
  An orc priest (D:5)
  A hound (D:5)
  Ijyb (D:4)
  Terence (D:3)
  A scorpion zombie (D:3)
  Natasha (thrice) (D:4)
  2 orc wizards (D:6)
  2 hound skeletons (D:5)
  3 gnolls (D:5)
  A howler monkey skeleton (D:5)
  6 adders
  An adder skeleton (D:4)
  4 worms
  A dart slug (D:3)
  12 orcs
  9 ball pythons
  8 endoplasms
  3 giant cockroaches
  4 goblins
  8 hobgoblins
  5 kobolds
  4 quokkas
  2 ball python zombies (D:3)
  8 bats
  3 frilled lizards
  A quokka zombie (D:3)
  5 rats
110 creatures vanquished.

Vanquished Creatures (others)
  A kobold (D:3)
1 creature vanquished.

Grand Total: 111 creatures vanquished

Notes
Turn   | Place    | Note
-------+----------+-------------------------------------------
     0 | D:1      | ders the Gargoyle Earth Elementalist began the quest for
                  | the Orb.
     0 | D:1      | Reached XP level 1. HP: 10/10 MP: 3/3
   304 | D:1      | Reached skill level 1 in Transmutations
   304 | D:1      | Reached XP level 2. HP: 15/15 MP: 3/5
   830 | D:1      | Found a faded altar of an unknown god.
   913 | D:1      | Reached XP level 3. HP: 19/19 MP: 4/6
   917 | D:1      | Learned a level 3 spell: Stone Arrow
   941 | D:1      | You fall into a shaft and drop 1 floor!
  1002 | D:2      | Reached skill level 4 in Earth Magic
  1275 | D:2      | Reached skill level 1 in Conjurations
  1378 | D:2      | Reached XP level 4. HP: 24/24 MP: 5/7
  2549 | D:3      | Noticed Terence
  2554 | D:3      | Killed Terence
  2555 | D:3      | Reached XP level 5. HP: 28/28 MP: 2/9
  2936 | D:3      | Reached skill level 5 in Earth Magic
  3403 | D:3      | Got the Handbook of Liberalism
  3516 | D:3      | Found a basalt altar of Yredelemnul.
  4021 | D:4      | Reached XP level 6. HP: 32/32 MP: 4/11
  4190 | D:4      | Noticed Edmund
  4716 | D:4      | Noticed Ijyb
  4723 | D:4      | Killed Ijyb
  5110 | D:4      | Noticed Natasha
  5113 | D:4      | Killed Natasha
  5271 | D:4      | Noticed Natasha
  5276 | D:4      | Killed Natasha
  5280 | D:4      | Noticed Natasha
  5284 | D:4      | Killed Natasha
  5375 | D:5      | Entered Level 5 of the Dungeon
  5377 | D:5      | Noticed an orc warrior
  5381 | D:5      | Reached XP level 7. HP: 19/36 MP: 6/13
  5569 | D:5      | Found a staircase to the Ecumenical Temple.
  5577 | Temple   | Entered the Ecumenical Temple
  5827 | Temple   | Became a worshipper of Vehumet
  5862 | D:5      | Reached skill level 6 in Earth Magic
  6282 | D:5      | Reached skill level 5 in Conjurations
  6282 | D:5      | Reached skill level 7 in Earth Magic
  6282 | D:5      | Reached XP level 8. HP: 29/41 MP: 0/15
  6464 | D:5      | Reached skill level 5 in Spellcasting
  6918 | D:5      | Noticed Prince Ribbit
  6923 | D:5      | Killed Prince Ribbit
  7249 | D:6      | HP: 2/41 [orc warrior (6)]
  7252 | D:5      | Slain by an orc

Illustrated notes

Levels and vault maps discovered:
D:1:      nzn_arrival_depleted_hourglass, layout_basic,
          hellmonk_ecumenical_altar_blasted, hangedman_abyss_or_decor_stabs,
          minmay_cut_off
D:2:      layout_basic
D:3:      layout_loops_ring, nicolae_yredelemnul_corpse_copse,
          minmay_checkerbox, uniq_terence
D:4:      layout_gridville, uniq_natasha, uniq_ijyb, uniq_edmund
D:5:      layout_basic, minmay_temple_entry_waves, uniq_prince_ribbit1
D:6:      layout_basic, uniq_maggie
Temple:   mainiacjoe_temple_bowtie_tessellation

Skill      XL: |  1  2  3  4  5  6  7  8 |
---------------+-------------------------+-----
Transmutations | 1 |  1.1
Earth Magic    | 4 5 7 |  7.9
Conjurations   | 1 2 3 5 6 |  6.1
Spellcasting   | 3 4 5 |  5.6
Dodging        | |  1.8
Stealth        | |  2.6

Action                   |  1- 3 |  4- 6 |  7- 9 || total
-------------------------+-------+-------+-------++-------
Melee: Unarmed           |     4 |       |       ||     4
       Dagger            |     8 |    16 |    10 ||    34
 Cast: Sandblast         |    45 |    50 |    24 ||   119
       Stone Arrow       |     1 |    34 |    25 ||    60
Armor: Robe              |     8 |     9 |     9 ||    26
Dodge: Dodged            |    14 |    25 |    31 ||    70

Table legend: (Time is in decaauts)
 A = Elapsed time spent in this place.
 B = Non-inter-level travel time spent in this place.
 C = Inter-level travel time spent in this place.
 D = Time resting spent in this place.
 E = Time spent auto-exploring this place.
 F = Levels seen in this place.
 G = Mean time per level.
                   A        B        C        D        E       F      G
               +--------+--------+--------+--------+--------+-----+--------+
         Total |   7253 |   7002 |    251 |   1286 |   4983 |   7 | 1036.1 |
       Dungeon |   6975 |   6754 |    221 |   1286 |   4747 |   6 | 1162.5 |
        Temple |    277 |    247 |     30 |      0 |    236 |   1 |  277.0 |
               +--------+--------+--------+--------+--------+-----+--------+

Top non-repeatable levels by time:
     D:2: 1735 daAuts
     D:3: 1448 daAuts
     D:4: 1411 daAuts
     D:5: 1391 daAuts
     D:1: 940 daAuts
  Temple: 277 daAuts
     D:6: 47 daAuts
